 Dungeon Crawl Stone Soup version 0.22-a0-109-gbeb7240 (webtiles) character file.

49 Gildeon the Chopper (level 3, -2/31 HPs)
             Began as a Minotaur Fighter on Jan 26, 2018.
             Slain by a gnoll
             ... wielding a +0 spear
              (3 damage)
             ... on level 2 of the Dungeon.
             The game lasted 00:09:07 (1643 turns).

Gildeon the Chopper (Minotaur Fighter)              Turns: 1643, Time: 00:09:07

Health: -2/31      AC:  8    Str: 20    XL:     3   Next: 51%
Magic:  2/2        EV:  7    Int:  5    God:
Gold:   47         SH: 10    Dex: 10    Spells: 2/2 levels left

rFire    + . .     SeeInvis .   a - +0 war axe
rCold    x . .     Gourm    .   c - +1 shield
rNeg     . . .     Faith    .   b - +0 scale mail
rPois    .         Spirit   .   (helmet restricted)
rElec    .         Reflect  .   (no cloak)
rCorr    .         Harm     .   h - +0 pair of gloves
MR       .....                  (no boots)
Stlth    ..........             (no amulet)
HPRegen  0.10/turn              l - ring of fire
MPRegen  0.08/turn              (no ring)

@: hasted, very quick
A: retaliatory headbutt, horns 2
a: no special abilities


You were on level 2 of the Dungeon.
You were not hungry.

You visited 1 branch of the dungeon, and saw 2 of its levels.

You collected 47 gold pieces.

Inventory:

Hand Weapons
 a - a +0 war axe (weapon)
Armour
 b - a +0 scale mail (worn)
 c - a +1 shield (worn)
 h - a +0 pair of gloves (worn)
Jewellery
 l - a ring of fire (left hand)
Potions
 d - a potion of might
 e - a potion of resistance
 i - a potion of haste
 j - a potion of berserk rage {unknown}
 m - a potion of cancellation {unknown}
Comestibles
 f - 6 rations


   Skills:
 - Level 3.6 Fighting
 + Level 4.8 Axes
 - Level 3.6 Armour
 - Level 3.6 Shields


You had 2 spell levels left.
You didn't know any spells.

Dungeon Overview and Level Annotations

Branches:
Dungeon (2/15)

Altars:


Innate Abilities, Weirdness & Mutations

You reflexively headbutt those who attack you in melee.
You have a pair of horns on your head.


Message History

* * * LOW HITPOINT WARNING * * *
The hobgoblin hits you but does no damage.
You block the gnoll's attack. The gnoll barely misses you.
The gnoll closely misses you.
You feel yourself speed up. You block the hobgoblin's attack.
The gnoll barely misses you. You block the gnoll's attack.
You hit the hobgoblin but do no damage. The hobgoblin hits you with a club.
* * * LOW HITPOINT WARNING * * *
The gnoll hits you from afar with a spear.
* * * LOW HITPOINT WARNING * * *
You closely miss the hobgoblin.
The hobgoblin hits you but does no damage.
You hit the hobgoblin.
You kill the hobgoblin!
You hit the gnoll but do no damage. You headbutt the gnoll.
The gnoll is severely wounded.
The gnoll hits you with a flail.
* * * LOW HITPOINT WARNING * * *
The gnoll hits you from afar with a spear.
You die...

#............................ #
###.........#######.#####..#.
#.###.######...................
..............####....#####.###
#.......#.#.#.# #....+........
..........#.#.####....#####.#.#
#.....................# #.#.#
.........##.###.##....# #.#.#
...........ggg@.......# #.#.#
....#.#...#.###.#.....# #.#.# ...
#.#.........#.....# #.#.# . #
#...#...###..########.#.#
#.........#.............#
#########...###.#.#.#########....
........#.................##.....
##.###.##.#.....#.#..............
#.# #.##.#.#####....####.##.#.#.


You could see 3 gnolls.

Vanquished Creatures
  2 adders (D:2)
  A leopard gecko (D:2)
  5 bats
  A giant cockroach (D:2)
  6 goblins
  7 hobgoblins
  A kobold (D:2)
  6 rats
29 creatures vanquished.

Notes
Turn   | Place    | Note
-------+----------+-------------------------------------------
     0 | D:1      | Gildeon the Minotaur Fighter began the quest for the Orb.
     0 | D:1      | Reached XP level 1. HP: 19/19 MP: 0/0
   108 | D:1      | Reached skill level 3 in Axes
   228 | D:1      | Reached XP level 2. HP: 24/26 MP: 1/1
  1072 | D:2      | Reached skill level 4 in Axes
  1244 | D:2      | Reached XP level 3. HP: 26/31 MP: 2/2
  1643 | D:2      | HP: 1/31 [gnoll/flail (3)]
  1643 | D:2      | Slain by a gnoll

Vault maps used:
D:1:      minmay_arrival_hallway

Skill      XL: |  1  2 |
---------------+-------+-----
Axes           | 3 4 |  4.8
Fighting       | |  3.6
Armour         | |  3.6
Shields        | |  3.6

Action                   || total
-------------------------++-------
Melee: War axe           ||    78
       Headbutt          ||    10
  Use: Scroll            ||     9
       Potion            ||     1
  Eat: Chunk             ||     2
Armor: Scale mail        ||    46
Dodge: Dodged            ||    20
Block: Shield            ||    43

Table legend:
 A = Spawn XP
 B = Non-spawn XP
 C = Spawn XP percentage of total XP
 D = Spawn monster count
 E = Non-spawn monster count
 F = Spawn count percentage of total count
 G = Total turns spent on level
                    A         B        C        D         E        F      G
               +---------+---------+-------+---------+---------+-------+---------
         Total |       0 |      70 |   0.0 |       0 |      29 |   0.0 |  1643
               +---------+---------+-------+---------+---------+-------+---------
           D:1 |       0 |      19 |   0.0 |       0 |      12 |   0.0 |   883
           D:2 |       0 |      51 |   0.0 |       0 |      17 |   0.0 |   760
               +---------+---------+-------+---------+---------+-------+---------
